 Dungeon Crawl Stone Soup version 0.28.0-49-g6dfe1f597d (webtiles) character file.

Game seed: 14639327590538809910

121842 boopmooplesden the Fencer (level 16, -2/151 HPs)
             Began as a Minotaur Berserker on May 16, 2022.
             Was a High Priest of Trog.
             Slain by a salamander
             ... wielding a +0 halberd
              (6 damage)
             ... on level 2 of the Snake Pit.
             The game lasted 00:37:16 (30477 turns).

boopmooplesden the Fencer (Minotaur Berserker)     Turns: 30477, Time: 00:37:17

Health: -2/151     AC: 25    Str: 23    XL:     16   Next: 33%
Magic:  13/15      EV:  9    Int:  4    God:    Trog [*****.]
Gold:   1346       SH:  9    Dex: 13    Spells: 15/15 levels left

rFire   + . .      SeeInvis .   a - +5 falchion "Kajauc" {spect, rF+ rC+++ Str-4}
rCold   + + +      Faith    .   r - +0 kite shield
rNeg    . . .      Spirit   .   Q - +0 plate armour
rPois   +          Reflect  .   (helmet restricted)
rElec   +          Harm     .   J - +0 cloak "Teapn" {Fly rElec Slay+3}
rCorr   +          Rampage  .   p - +2 pair of gloves
Will    +++..                   T - +0 pair of boots
Stlth   ..........              x - amulet of the acrobat
HPRegen 1.35/turn               q - ring of resist corrosion
MPRegen 0.14/turn               R - ring of poison resistance

@: marked, strong-willed, on berserk cooldown, flying, regenerating, slowed,
studying Shields, very slow
A: horns 2, retaliatory headbutt
a: Renounce Religion, Berserk, Trog's Hand, Brothers in Arms


You were on level 2 of the Snake Pit.
You worshipped Trog.
Trog was extremely pleased with you.
You visited 3 branches of the dungeon, and saw 21 of its levels.
You also visited: Sewer and Bailey.

You collected 2322 gold pieces.
You spent 976 gold pieces at shops.

Inventory:

Hand Weapons
 a - the +5 falchion "Kajauc" (weapon) {spect, rF+ rC+++ Str-4}
   (You bought it in a shop on level 4 of the Dungeon)

   When its wielder attacks, the weapon's spirit leaps out and strikes again.
   The spirit shares a part of any damage it takes with its wielder.
   Str:       It affects your strength (-4).
   rF:        It protects you from fire.
   rC:        It renders you almost immune to cold.
 b - the +5 hand crossbow "Kyvyxteu" {vorpal, Dex+4}
   (You found it on level 5 of the Dungeon)

   Any ammunition fired from it inflicts extra damage upon your enemies.
   Dex:       It affects your dexterity (+4).
 B - the +4 executioner's axe of Honour {vorpal, Str+3}
   (Trog gifted it to you on level 1 of the Snake Pit)

   It inflicts extra damage upon your enemies.
   Str:       It affects your strength (+3).
 L - a +5 great sword
 O - the +6 long sword "Orb Guardian's Bane" {freeze, Dex+2}
   (You found it on level 6 of the Lair of Beasts)

   It freezes those it strikes, dealing additional cold damage.
   It can also slow down cold-blooded creatures.
   Dex:       It affects your dexterity (+2).
 P - the +7 captain's cutlass {speed, disarm}
   (You found it on level 6 of the Lair of Beasts)

   Attacks with this weapon are significantly faster.
   It may disarm weapon-wielding foes when striking them, dealing extra damage
   in the process.
 V - a +6 triple sword of flaming
 Y - the +4 long sword of the Saviour {vorpal, Will- Dex+6}
   (You found it on level 3 of the Lair of Beasts)

   It inflicts extra damage upon your enemies.
   Dex:       It affects your dexterity (+6).
   Will:      It decreases your willpower.
Missiles
 t - 183 bolts
 D - 7 throwing nets (quivered)
Armour
 p - a +2 pair of gloves (worn)
 r - a +0 kite shield (worn)
 J - the +0 cloak "Teapn" (worn) {Fly rElec Slay+3}
   (You found it on level 9 of the Dungeon)

   Slay:      It affects your accuracy & damage with ranged weapons and melee
   (+3).
   rElec:     It insulates you from electricity.
   Fly:       It grants you flight.
 Q - a +0 plate armour (worn)
 T - a +0 pair of boots (worn)
Jewellery
 q - a ring of resist corrosion (left hand)
 x - an amulet of the acrobat (around neck)
 C - a ring of see invisible
 F - a ring of positive energy
 H - a ring of protection from cold
 R - a ring of poison resistance (right hand)
 S - a ring of magical power
 Z - a ring of willpower
Wands
 k - a wand of iceblast (15)
 z - a wand of flame (76)
 A - a wand of paralysis (20)
 M - a wand of acid (4)
 N - a wand of polymorph (7)
Scrolls
 f - 10 scrolls of teleportation
 o - 4 scrolls of silence
 s - 7 scrolls of fear
 v - a scroll of magic mapping
 y - 3 scrolls of blinking
 G - 2 scrolls of holy word
 K - 2 scrolls of summoning
 U - 2 scrolls of fog
Potions
 c - 2 potions of attraction
 d - 2 potions of resistance
 e - a potion of heal wounds
 g - 4 potions of haste
 h - 6 potions of invisibility
 i - 2 potions of cancellation
 j - 3 potions of mutation
 l - 7 potions of flight
 m - 3 potions of ambrosia
 n - 9 potions of curing
 u - 2 potions of might
 E - a potion of magic {unknown}
 X - 3 potions of brilliance
Miscellaneous
 w - a phantom mirror
 I - a piece from Xom's chessboard (15/15)
 W - a tin of tremorstones (2/2)


   Skills:
 + Level 16.3 Fighting
 + Level 4.6(12.4) Short Blades
 + Level 19.0(19.3) Long Blades
 + Level 1.1(1.6) Axes
 + Level 1.1(1.6) Maces & Flails
 + Level 1.1(1.6) Polearms
 + Level 1.2(1.7) Staves
 + Level 1.2(1.5) Slings
 + Level 1.2 Bows
 + Level 4.9 Crossbows
 + Level 0.9(1.2) Throwing
 + Level 17.9 Armour
 + Level 8.5 Dodging
 + Level 5.0 Stealth
 + Level 4.3 Shields
 + Level 1.0 Unarmed Combat
 + Level 1.1 Invocations
 + Level 0.7 Evocations


You had 15 spell levels left.
You didn't know any spells.
Your spell library was empty.

Dungeon Overview and Level Annotations

Branches:
Dungeon (13/15)            Temple (0/1) D:4            Lair (6/6) D:9
 Shoals (0/4) Lair:4        Snake (2/4) Lair:2        Slime (0/5) Lair:6
    Orc (0/2) D:11         Vaults (0/5) D:13          Sewer (visited)
 Bailey (visited)

Altars:
Ashenzari
Cheibriados
Dithmenos
Fedhas
Gozag
Nemelex Xobeh
Qazlal
Ru
Wu Jian
Zin

Shops:
D:3 ?   D:4 (   D:9 [   D:10 :

Portals:
Trove: D:10 (give horn of Geryon)


Innate Abilities, Weirdness & Mutations

You have a pair of horns on your head.
You reflexively headbutt those who attack you in melee.


Message History

The salamander hits you from afar with a +0 halberd!
You are engulfed in flames.
You resist.
Your troll goes berserk!
The salamander hits you but does no damage.
A black mamba comes into view.
You block the salamander's attack. x2
A salamander comes into view.
A salamander comes into view. It is wielding a +0 halberd.
Unknown command.
You hit the salamander mystic.
Your headbutt misses the salamander mystic.
The salamander mystic is lightly wounded.
Your +5 falchion "Kajauc" {spect, rF+ rC+++ Str-4} hits the salamander mystic!
The salamander hits you from afar with a +0 halberd.
You are engulfed in flames.
You resist.
* * * LOW HITPOINT WARNING * * *
You block the salamander's attack. x2
The salamander mystic closely misses your +5 falchion "Kajauc" {spect, rF+ rC+++ Str-4}.
A mana viper comes into view.
The salamander hits you from afar with a +0 halberd!
* * * LOW HITPOINT WARNING * * *
You are engulfed in flames.
You resist.
* * * LOW HITPOINT WARNING * * *
The salamander misses you.
The salamander hits you but does no damage.
The salamander mystic hits your +5 falchion "Kajauc" {spect, rF+ rC+++ Str-4} with a +0 quarterstaff!
Your spectral weapon shares its damage with you!
Your +5 falchion "Kajauc" {spect, rF+ rC+++ Str-4} is engulfed in flames.
Your +5 falchion "Kajauc" {spect, rF+ rC+++ Str-4} resists.
Your spectral weapon shares its damage with you!
* * * LOW HITPOINT WARNING * * *
You slash the salamander mystic!
The salamander mystic is heavily wounded.
Your +5 falchion "Kajauc" {spect, rF+ rC+++ Str-4} hits the salamander mystic!
You block the salamander's attack.
An anaconda comes into view.
The salamander hits you from afar with a +0 halberd!
* * * LOW HITPOINT WARNING * * *
You are engulfed in flames.
You resist.
You die... ,,,,,,*,,,N...S##**≈≈≈≈≈≈≈≈≈≈≈≈≈* *******,,,,NS.S.# **≈≈≈****≈*≈≈≈* *,,,,,,**#NN.## ***** ****≈≈* *,,,,,,***#.SN# *≈** *,,,,,,,* #NSN# *** ****,,,,,,,* ##NN## ,,**,,,,,,,* #NNN#

,,**,,,,,,,*
##N(#
,,**,,,,,,,*
#@.##
****,*****,*
#T..#
*,,,,,,,*
##..###
****,*****,*
#.>..#
,,,,,* #.*
####.#
,,,,,* #.#
#.# ,,,,,*
#.# #.#
**,*,* #.#
#.#
**,*,****#.#
#.#


You could see a naga warrior, a salamander mystic (ally target), 9 salamanders,
an anaconda, a mana viper, 2 black mambas, a friendly troll (summoned, berserk)
and a friendly +5 falchion "Kajauc" {spect, rF+ rC+++ Str-4} (summoned).

Vanquished Creatures
  A salamander tyrant (Snake:1)
  Harold (D:8)
  8 vault guards (D:13)
  8 hydras
  2 naga warriors
  3 anacondas (Snake:1)
  7 boulder beetles
  A merfolk avatar (Lair:6)
  5 two-headed ogres
  A catoblepas (Lair:3)
  A death yak (Lair:3)
  2 tengu warriors (D:13)
  2 centaur warriors
  A shock serpent (Snake:1)
  3 sea snakes (Lair:6)
  2 naga ritualists (Snake:1)
  3 ugly things
  5 mana vipers
  6 salamanders
  5 manticores
  3 cyclopes
  15 black mambas
  A centaur zombie (D:11)
  Maurice (D:11)
  16 elephants
  16 cane toads
  2 gargoyles
  2 unseen horrors
  13 komodo dragons
  8 rime drakes
  A meliai (D:12)
  9 polar bears
  A troll (D:9)
  2 hornets
  2 slime creatures
  18 blink frogs
  Sigmund (D:5)
  6 wyverns
  4 shadows
  2 basilisks
  3 wraiths
  Eustachio (D:5)
  A vampire (D:12)
  Grum (D:8)
  8 vampire mosquitoes
  3 steam dragons
  34 yaks
  5 acid dragons
  11 nagas
  A sky beast (D:6)
  15 water moccasins
  8 orc warriors
  A black bear (D:5)
  A necrophage (D:6)
  2 ogres (D:5)
  31 wolves
  17 centaurs
  5 kobold brigands
  17 bullfrogs
  A gnoll sergeant (D:11)
  2 scorpions
  2 wyvern zombies (D:6)
  14 killer bees
  4 wights (D:5)
  8 howler monkeys
  6 jellies
  A gnoll shaman (D:7)
  8 orc priests
  A centaur skeleton (D:5)
  4 iguanas
  9 orc wizards
  6 hell rats (Lair:4)
  A hound skeleton (D:3)
  8 gnolls
  2 howler monkey skeletons
  3 howler monkey zombies
  5 river rats
  16 adders
  An adder skeleton (D:4)
  2 worms
  13 dart slugs
  38 orcs
  8 endoplasms
  4 giant cockroaches
  5 hobgoblins
  2 quokkas
  17 ball pythons
  4 frilled lizards
  7 goblins
  18 kobolds
  35 rats
  A fungus (Lair:6)
611 creatures vanquished.

Vanquished Creatures (others)
  An orc (D:11)
  29 fungi
  57 plants
87 creatures vanquished.

Grand Total: 698 creatures vanquished

Notes
Turn   | Place    | Note
-------+----------+-------------------------------------------
     0 | D:1      | boopmooplesden the Minotaur Berserker began the quest for
                  | the Orb.
     0 | D:1      | Reached XP level 1. HP: 19/19 MP: 0/0
    31 | D:1      | Found a faded altar of an unknown god.
   583 | D:1      | Reached skill level 4 in Long Blades
  1038 | D:2      | Reached XP level 2. HP: 27/27 MP: 1/1
  1337 | D:2      | Reached XP level 3. HP: 29/33 MP: 2/2
  1415 | D:2      | You fall into a shaft and drop 1 floor!
  1415 | D:3      | Found a broken altar of Ashenzari.
  1765 | D:3      | Reached XP level 4. HP: 15/41 MP: 3/3
  1964 | D:3      | Found Dog Iqot's Magic Scroll Shoppe.
  2012 | D:3      | Reached ** piety under Trog
  2062 | D:3      | Reached skill level 5 in Long Blades
  3734 | D:4      | Reached XP level 5. HP: 47/47 MP: 4/4
  3742 | D:4      | Reached skill level 5 in Fighting
  3760 | D:4      | Reached skill level 6 in Long Blades
  3760 | D:4      | Reached skill level 1 in Stealth
  4128 | D:4      | Found Helyrep's Antique Weapon Emporium.
  4452 | D:4      | Found a staircase to the Ecumenical Temple.
  5047 | D:5      | Entered Level 5 of the Dungeon
  5074 | D:5      | Reached XP level 6. HP: 28/56 MP: 5/5
  5096 | D:5      | Found an opulent altar of Gozag.
  5184 | D:5      | Found a glowing drain.
  5195 | Sewer    | Entered a sewer
  5360 | Sewer    | Reached *** piety under Trog
  5793 | Sewer    | Reached **** piety under Trog
  5794 | Sewer    | Reached skill level 7 in Long Blades
  5799 | Sewer    | Reached XP level 7. HP: 38/61 MP: 6/6
  6403 | D:4      | Bought a brightly glowing falchion for 176 gold pieces
  6403 | D:4      | Identified the +5 falchion "Kajauc" {spect, rF+ rC+++
                  | Str-4} (You bought it in a shop on level 4 of the Dungeon)
  6495 | D:5      | Noticed Sigmund
  6506 | D:5      | Reached skill level 5 in Armour
  6516 | D:5      | Killed Sigmund
  6517 | D:5      | Reached XP level 8. HP: 29/70 MP: 7/7
  6580 | D:5      | Reached skill level 8 in Long Blades
  6589 | D:5      | Noticed Eustachio
  6600 | D:5      | Killed Eustachio
  6791 | D:5      | Reached skill level 5 in Dodging
  6894 | D:5      | Identified the +5 hand crossbow "Kyvyxteu" {vorpal, Dex+4}
  7133 | D:5      | Found a glowing silver altar of Zin.
  7442 | D:6      | Reached XP level 9. HP: 78/79 MP: 8/8
  7444 | D:6      | Reached skill level 9 in Long Blades
  7459 | D:6      | Found a shadowy altar of Dithmenos.
  7556 | D:6      | Found a sacrificial altar of Ru.
  7592 | D:6      | Found an ornate altar of the Wu Jian Council.
  8470 | D:7      | Reached ***** piety under Trog
  8586 | D:7      | Reached skill level 1 in Crossbows
  9263 | D:8      | Reached skill level 10 in Long Blades
  9263 | D:8      | Noticed Grum
  9274 | D:8      | Killed Grum
  9492 | D:8      | Found a stormy altar of Qazlal.
  9650 | D:8      | Noticed a cyclops
  9660 | D:8      | Killed a cyclops
  9823 | D:8      | Reached XP level 10. HP: 50/88 MP: 9/9
 10351 | D:8      | Reached skill level 11 in Long Blades
 10732 | D:8      | Noticed Harold
 10738 | D:8      | Killed Harold
 11351 | D:8      | Reached skill level 12 in Long Blades
 11454 | D:9      | Found a staircase to the Lair.
 11466 | D:9      | Reached skill level 10 in Armour
 11554 | D:9      | Found a sparkling altar of Nemelex Xobeh.
 11569 | D:9      | Found a flagged portal.
 11610 | Bailey   | Entered a bailey
 11663 | Bailey   | Reached XP level 11. HP: 39/99 MP: 10/10
 12040 | Bailey   | Found a burning altar of Makhleb.
 12140 | D:9      | Found a snail-covered altar of Cheibriados.
 12149 | D:9      | Found Cheibriados's Comfort Zone.
 12344 | D:9      | Identified the +0 cloak "Teapn" {Fly rElec Slay+3}
 12365 | D:9      | Reached skill level 13 in Long Blades
 12507 | D:9      | Reached skill level 10 in Fighting
 13083 | D:10     | Entered Level 10 of the Dungeon
 13201 | D:10     | Found a blossoming altar of Fedhas.
 13299 | D:10     | Noticed a two-headed ogre
 13313 | D:10     | Killed a two-headed ogre
 13440 | D:10     | Found Kemoj's Self-Improvement Boutique.
 13450 | D:10     | Bought a manual of Shields for 800 gold pieces
 13593 | D:10     | Found a portal to a secret trove of treasure.
 13637 | D:10     | Received a gift from Trog
 13870 | D:11     | Noticed Maurice
 13878 | D:11     | Killed Maurice
 14045 | D:11     | Found a staircase to the Orcish Mines.
 14046 | D:11     | Noticed a cyan ugly thing
 14056 | D:11     | Killed a cyan ugly thing
 14081 | D:11     | Noticed a boulder beetle
 14088 | D:11     | Killed a boulder beetle
 14405 | D:11     | Reached skill level 14 in Long Blades
 14430 | D:11     | Noticed a boulder beetle
 14431 | D:11     | Noticed a two-headed ogre
 14444 | D:11     | Killed a two-headed ogre
 14456 | D:11     | Killed a boulder beetle
 14463 | D:11     | HP: 5/102 [something (26)]
 14914 | D:11     | Noticed a centaur warrior
 14921 | D:11     | Killed a centaur warrior
 14922 | D:11     | Reached XP level 12. HP: 38/110 MP: 11/11
 15561 | D:11     | Noticed a two-headed ogre
 15566 | D:11     | Killed a two-headed ogre
 15696 | D:11     | Noticed a two-headed ogre
 15703 | D:11     | Killed a two-headed ogre
 16464 | D:12     | Noticed a boulder beetle
 16486 | D:12     | Killed a boulder beetle
 17198 | D:12     | Reached skill level 15 in Long Blades
 17698 | D:12     | Noticed a two-headed ogre
 17703 | D:12     | Killed a two-headed ogre
 17845 | D:13     | Noticed a vault guard
 17853 | D:13     | Killed a vault guard
 17854 | D:13     | Noticed a vault guard
 17867 | D:13     | Killed a vault guard
 17894 | D:13     | Found a gate to the Vaults.
 17949 | D:13     | Noticed a boulder beetle
 17951 | D:13     | Noticed a vault guard
 17966 | D:13     | Killed a vault guard
 17984 | D:13     | Killed a boulder beetle
 18317 | D:13     | Noticed a boulder beetle
 18333 | D:13     | Killed a boulder beetle
 18493 | D:13     | Noticed a vault guard
 18502 | D:13     | Killed a vault guard
 18655 | D:13     | Noticed a vault guard
 18667 | D:13     | Killed a vault guard
 18827 | D:13     | Noticed a vault guard
 18842 | D:13     | Killed a vault guard
 18843 | D:13     | Reached XP level 13. HP: 51/122 MP: 12/12
 20061 | Lair:1   | Entered Level 1 of the Lair of Beasts
 20500 | Lair:1   | Reached skill level 15 in Armour
 20958 | Lair:2   | Found a staircase to the Snake Pit.
 22655 | Lair:3   | Received a gift from Trog
 22656 | Lair:3   | Reached skill level 16 in Long Blades
 23403 | Lair:3   | Reached XP level 14. HP: 83/133 MP: 13/13
 23952 | Lair:3   | Identified the +4 long sword of the Saviour {vorpal, Will-
                  | Dex+6}
 24270 | Lair:4   | Reached skill level 17 in Long Blades
 24523 | Lair:4   | Found a staircase to the Shoals.
 25360 | Lair:5   | Reached skill level 15 in Fighting
 26723 | Lair:6   | Entered Level 6 of the Lair of Beasts
 27062 | Lair:6   | Reached skill level 18 in Long Blades
 27321 | Lair:6   | Reached ****** piety under Trog
 27351 | Lair:6   | Identified the +6 long sword "Orb Guardian's Bane" {freeze,
                  | Dex+2}
 28020 | Lair:6   | Reached XP level 15. HP: 138/143 MP: 14/14
 28169 | Lair:6   | Found a staircase to the Slime Pits.
 28297 | Lair:6   | Found the +7 captain's cutlass {speed, disarm}
 28402 | Lair:6   | Reached skill level 1 in Short Blades
 28402 | Lair:6   | Reached skill level 1 in Axes
 28402 | Lair:6   | Reached skill level 1 in Maces & Flails
 28402 | Lair:6   | Reached skill level 1 in Polearms
 28402 | Lair:6   | Reached skill level 1 in Staves
 28402 | Lair:6   | Reached skill level 1 in Slings
 28402 | Lair:6   | Reached skill level 1 in Bows
 28402 | Lair:6   | Reached skill level 5 in Stealth
 28402 | Lair:6   | Reached skill level 1 in Shields
 28402 | Lair:6   | Reached skill level 1 in Unarmed Combat
 28402 | Lair:6   | Reached skill level 1 in Invocations
 28402 | Lair:6   | Reached XP level 16. HP: 151/151 MP: 15/15
 28841 | Snake:1  | Entered Level 1 of the Snake Pit
 28857 | Snake:1  | Identified the +4 executioner's axe of Honour {vorpal,
                  | Str+3} (Trog gifted it to you on level 1 of the Snake Pit)
 28857 | Snake:1  | Received a gift from Trog
 28859 | Snake:1  | Reached skill level 19 in Long Blades
 30477 | Snake:2  | HP: 4/151 [salamander/+0 halberd (9)]
 30477 | Snake:2  | Slain by a salamander

Illustrated notes

Levels and vault maps discovered:
D:1:      dpeg_arrival_simpleton_c, layout_basic,
          shapermc_ecumenical_altar_acropolis
D:2:      layout_basic, minmay_statues_item, chequers_serial_rivers_small_3
D:3:      kennysheep_slugbush, layout_loops_ring, nicolae_ashenzari_skybound,
          serial_shops, shop_fountains, nicolae_figureground_pulse
D:4:      layout_basic, lemuel_temple_firewalk_a, serial_shops,
          nicolae_shop_stone, hex_tiny, minmay_fractal_squares_5
D:5:      layout_cave_pools, nicolae_gozag_seed_capital,
          mainiacjoe_overflow_surrounded_room, portal_sewer_entry_e,
          kennysheep_generic_room_8, uniq_sigmund, uniq_eustachio
D:6:      layout_basic, grunt_dithmenos_smoke, nicolae_ru_the_path_less_chosen,
          nicolae_wu_jian_glorious_leap
D:7:      layout_basic
D:8:      layout_basic, amcnicky_altar_gilded, amcnicky_mini_corridor_feature,
          chequers_serial_rivers_micro_c, grunt_decor_resistance, wad_mini_maze,
          uniq_grum, uniq_harold
D:9:      layout_basic, mainiacjoe_overflow_paths, lair_entry_dummy,
          enter_bailey_5, minmay_shop_chei, grunt_ministairs_6, nicolae_wwwww,
          kennysheep_generic_room_16
D:10:     layout_roguey, mainiacjoe_overflow_brackets,
          nicolae_overflow_hidden_temple, nicolae_trove_entry_isolated,
          nicolae_shop_self_help
D:11:     wad_guarded_room, layout_basic, david_orc_3, uniq_maurice
D:12:     layout_basic, lightli_fourway_metalbox
D:13:     layout_roguey, erik_vaults_2
Lair:1:   layout_loops_ring, infiniplex_staircase_pool, grunt_megastairs_2
Lair:2:   layout_regular_city, minmay_snake_entry_guardpost_small
Lair:3:   nzn_winding_woodlands_large [nzn_winding_woodlands_5x5_default,
          nzn_winding_woodlands_5x15_longhouse, nzn_winding_woodlands_5x5_three,
          nzn_winding_woodlands_center_diamonds,
          nzn_winding_woodlands_15x15_boxy_spiral,
          nzn_winding_woodlands_center_pierced_h,
          nzn_winding_woodlands_hourglass,
          nzn_winding_woodlands_5x15_concentric,
          nzn_winding_woodlands_5x5_open_star], layout_small_grid
Lair:4:   layout_roguey, minmay_shoals_entry_centaurs, lemuel_fruit_tree,
          serial_bayou_shore_b
Lair:5:   layout_layer_cave
Lair:6:   gammafunk_lair_ancient_temple, layout_misc_corridors,
          nicolae_slime_entry_slimehenge
Snake:1:  layout_misc_corridors
Snake:2:  layout_basic, st_stairs_8

Skill      XL: |  1  2  3  4  5  6  7  8  9 10 11 12 13 14 15 16 |
---------------+-------------------------------------------------+-----
Long Blades    | 4 5 6 7 8 10 12 14 15 16 18 19 | 19.0
Fighting       | 4 5 6 7 8 9 11 13 14 15 16 | 16.3
Dodging        | 3 4 5 6 7 8 |  8.5
Stealth        | 1 2 3 4 5 |  5.0
Armour         | 4 5 7 9 10 11 13 16 17 | 17.9
Crossbows      | 1 3 4 |  4.9
Short Blades   | 1 4 |  4.6
Axes           | 1 |  1.1
Maces & Flails | 1 |  1.1
Polearms       | 1 |  1.1
Staves         | 1 |  1.2
Slings         | 1 |  1.2
Bows           | 1 |  1.2
Shields        | 1 4 |  4.3
Unarmed Combat | 1 |  1.0
Invocations    | 1 |  1.1
Throwing       | |  0.9
Evocations     | |  0.7

Action                   |  1- 3 |  4- 6 |  7- 9 | 10-12 | 13-15 | 16-18 || total
-------------------------+-------+-------+-------+-------+-------+-------++-------
Melee: Falchion          |    51 |   185 |   175 |   444 |   204 |     2 ||  1061
       Headbutt          |     8 |    26 |    32 |   113 |   133 |    47 ||   359
       Punch             |       |     3 |     4 |     8 |     5 |       ||    20
       Triple sword      |       |       |       |       |   368 |       ||   368
       Cutlass           |       |       |       |       |       |   159 ||   159
 Fire: Hand crossbow     |       |       |     7 |    17 |    12 |       ||    36
Invok: Berserk           |       |     5 |     4 |    12 |     8 |     4 ||    33
       Trog's Hand       |       |       |       |       |       |     1 ||     1
       Brothers in Arms  |       |       |       |       |       |     1 ||     1
  Use: Potion            |     2 |       |     3 |       |     5 |     1 ||    11
       Scroll            |       |     5 |     9 |     3 |    14 |     1 ||    32
 Stab: Sleeping          |     1 |     3 |       |       |       |       ||     4
       Distracted        |       |       |     1 |     2 |     4 |       ||     7
Armor: Animal skin       |     5 |     4 |       |       |       |       ||     9
       Ring mail         |       |    75 |    49 |    39 |       |       ||   163
       Chain mail        |       |       |       |    77 |       |       ||    77
       Plate armour      |       |       |       |    18 |   398 |    87 ||   503
Dodge: Dodged            |    31 |   160 |   110 |   231 |   523 |    73 ||  1128
Block: Kite shield       |       |       |       |       |       |    71 ||    71
